 Dungeon Crawl Stone Soup version 0.28.0-53-g5a82cb258f (webtiles) character file.

Game seed: 9162796621510001781

98 Sin92 the Magician (level 4, -1/31 HPs)
             Began as a Demonspawn Hedge Wizard on July 9, 2022.
             Slain by Crazy Yiuf
             ... wielding a +3 quarterstaff of chaos
              (18 damage)
             ... on level 2 of the Dungeon.
             The game lasted 00:07:45 (3595 turns).

Sin92 the Magician (Demonspawn Hedge Wizard)        Turns: 3595, Time: 00:07:46

Health: -1/31      AC:  3    Str: 17    XL:     4   Next: 44%
Magic:  1/9        EV: 13    Int: 15    God:
Gold:   66         SH:  0    Dex: 18    Spells: 9/10 levels left

rFire   x . .      SeeInvis .   p - +7 quarterstaff of the Jolly Wishes {vamp, Fragile rF- Str+7 Dex+3}
rCold   . . .      Faith    .   (shield currently unavailable)
rNeg    . . .      Spirit   .   b - +0 robe
rPois   .          Reflect  .   c - +0 hat
rElec   .          Harm     .   (no cloak)
rCorr   .          Rampage  .   (no gloves)
Will    .....                   (no boots)
Stlth   ++........              (no amulet)
HPRegen 0.10/turn               (no ring)
MPRegen 0.11/turn               (no ring)

@: no status effects
A: horns 1, sharp scales 1
a: no special abilities


You were on level 2 of the Dungeon.
You visited 1 branch of the dungeon, and saw 3 of its levels.

You collected 66 gold pieces.

Inventory:

Hand Weapons
 a - a +0 dagger
 j - a +0 mace
 p - the +7 quarterstaff of the Jolly Wishes (weapon) {vamp, Fragile rF- Str+7 Dex+3}
   (You found it on level 3 of the Dungeon)

   It occasionally heals its wielder for a portion of the damage dealt when it
   wounds a living foe.
   Str:       It affects your strength (+7).
   Dex:       It affects your dexterity (+3).
   rF:        It makes you vulnerable to fire.
   Fragile:   It will be destroyed if unequipped.
Armour
 b - a +0 robe (worn)
 c - a +0 hat (worn)
Magical Staves
 e - a staff of death
Jewellery
 g - an amulet of faith
Scrolls
 k - a scroll of summoning {unknown}
 m - a scroll of blinking {unknown}
Potions
 d - a potion of flight {unknown}
 f - a potion of might {unknown}
 h - 2 potions of lignification
 i - a potion of curing {unknown}
 l - a potion of haste {unknown}
 n - a potion of berserk rage {unknown}
 o - a potion of heal wounds {unknown}


   Skills:
 + Level 0.8 Fighting
 - Level 0.1(0.2) Maces & Flails
 * Level 0.2 Staves
 + Level 2.3 Dodging
 + Level 2.3 Stealth
 * Level 3.6 Spellcasting
 + Level 1.8 Conjurations
 - Level 1.0 Summonings
 + Level 1.6 Translocations


You had 9 spell levels left.
You knew the following spells:

 Your Spells              Type           Power      Damage    Failure   Level
a - Magic Dart            Conj           32%        1d4       9%          1

Your spell library contained the following spells:

 Spells                   Type           Power      Damage    Failure   Level
 Blink                    Tloc           14%        N/A       14%         2
 Freeze                   Ice            8%         1d3       19%         1
 Slow                     Hex            8%         N/A       19%         1
 Call Imp                 Summ           5%         N/A       19%         2
 Scorch                   Fire           4%         2d5       28%         2
 Conjure Flame            Conj/Fire      5%         6-21      36%         3
 Mephitic Cloud           Conj/Pois/Air  4%         N/A       41%         3
 Frozen Ramparts          Ice            4%         1d2       50%         3
 Flame Wave               Conj/Fire      5%         2d5       78%         4
 Hailstorm                Conj/Ice       5%         3d4       78%         4
 Summon Cactus Giant      Summ           2%         N/A       100%        6


Dungeon Overview and Level Annotations

Branches:
Dungeon (3/15)

Altars:
Dithmenos
Kikubaaqudgha
The Shining One

Shops:
D:1 =

Annotations:
D:2 Crazy Yiuf


Innate Abilities, Weirdness & Mutations

You have a pair of small horns on your head.
You are partially covered in razor-sharp scales. (AC +1, Slay +1)


Message History

The bat is severely wounded.
The magic dart hits the bat but does no damage.
The bat hits you but does no damage. The bat closely misses you.
The magic dart hits the bat.
You kill the bat!
You can't see any susceptible monsters within range! (Use Z to cast anyway.)
There is a shadowy altar of Dithmenos here.
Found an escape hatch in the ceiling.
There is an escape hatch in the ceiling here.
Done exploring.
Done exploring.
There is a stone staircase leading up here.
You climb upwards.
Level annotation: 1 runed translucent door, Crazy Yiuf
There is a stone staircase leading down here.
There is an open door here.
You open the door.
The magic dart hits Crazy Yiuf.
Crazy Yiuf is lightly wounded.
Crazy Yiuf shouts!
You sock Crazy Yiuf!
Crazy Yiuf is heavily wounded.
Crazy Yiuf hits you with a +3 quarterstaff of chaos.
You feel your power leaking away.
You barely miss Crazy Yiuf. Your headbutt misses Crazy Yiuf.
Crazy Yiuf is heavily wounded.
Crazy Yiuf barely misses you. Crazy Yiuf misses you.
You closely miss Crazy Yiuf.
Crazy Yiuf is heavily wounded.
Crazy Yiuf completely misses you.
You closely miss Crazy Yiuf.
Crazy Yiuf is heavily wounded.
Crazy Yiuf hits you with a +3 quarterstaff of chaos!
You feel your power leaking away.
You hit Crazy Yiuf.
Crazy Yiuf is almost dead.
Crazy Yiuf says, "Scoff tired noodlescoop!"
Crazy Yiuf hits you with a +3 quarterstaff of chaos!!
Ouch! That really hurt!
You die...

.######...##########.#
.# #.....# #.#
.######...## #.#
........### ###
....##### ≈≈⌠.# ..≈.#
###### ###
#.≈.###....## ###.))#
#.≈.##......####@g...#
#.≈.#........#..##.))#
#P≈^........#.### ###
..⌠.....#######
≈≈≈.....# ........####
### ##...#.....#
####.# ######...##
#....# ##'## #.####


You could see Crazy Yiuf.

Vanquished Creatures
  A bullfrog skeleton (D:3)
  2 adders
  A dart slug (D:1)
  An orc (D:3)
  4 ball pythons
  3 bats
  7 endoplasms
  2 giant cockroaches
  8 goblins
  5 hobgoblins
  4 kobolds
  2 frilled lizards
  4 rats
44 creatures vanquished.

Vanquished Creatures (others)
  A fungus (D:2)
  2 plants (D:2)
3 creatures vanquished.

Grand Total: 47 creatures vanquished

Notes
Turn   | Place    | Note
-------+----------+-------------------------------------------
     0 | D:1      | Sin92 the Demonspawn Hedge Wizard began the quest for the
                  | Orb.
     0 | D:1      | Reached XP level 1. HP: 13/13 MP: 4/4
   105 | D:1      | Reached skill level 1 in Translocations
   183 | D:1      | Gained mutation: You are partially covered in razor-sharp
                  | scales. (AC +1, Slay +1) [demonic ancestry]
   183 | D:1      | Reached XP level 2. HP: 12/19 MP: 1/6
   540 | D:1      | Found Jystefof's Jewellery Emporium.
   963 | D:2      | Found a faded altar of an unknown god.
  1014 | D:2      | Reached XP level 3. HP: 6/24 MP: 3/7
  2170 | D:2      | Found a runed translucent door.
  2171 | D:2      | Noticed Crazy Yiuf
  2347 | D:3      | Gained mutation: You have a pair of small horns on your
                  | head. [demonic ancestry]
  2347 | D:3      | Reached XP level 4. HP: 18/31 MP: 6/9
  2542 | D:3      | Found an ancient bone altar of Kikubaaqudgha.
  3181 | D:3      | Found a shadowy altar of Dithmenos.
  3257 | D:3      | Identified the +7 quarterstaff of the Jolly Wishes {vamp,
                  | Fragile rF- Str+7 Dex+3}
  3595 | D:2      | Slain by Crazy Yiuf

Illustrated notes

Levels and vault maps discovered:
D:1:      heliophobic_arrival_ceremonial_halls, layout_rooms, serial_shops,
          nicolae_shop_advertising_works [nicolae_subvault_shop_adworks]
D:2:      layout_loops_corners, shapermc_ecumenical_altar_acropolis,
          basic_altar, minmay_tetromino_i4, uniq_crazy_yiuf_cottage
D:3:      layout_loops_ring, mainiacjoe_overflow_boulevard,
          overflow_temple_1_default

Skill      XL: |  1  2 |
---------------+-------+-----
Translocations | 1 |  1.6
Stealth        | 2 |  2.3
Dodging        | 2 |  2.3
Fighting       | |  0.8
Maces & Flails | |  0.1
Staves         | |  0.2
Spellcasting   | |  3.6
Conjurations   | |  1.8
Summonings     | |  1.0

Action                   |  1- 3 |  4- 6 || total
-------------------------+-------+-------++-------
Melee: Dagger            |    30 |       ||    30
       Staff             |    12 |       ||    12
       Mace              |       |     7 ||     7
       Quarterstaff      |       |     5 ||     5
       Headbutt          |       |     3 ||     3
 Cast: Magic Dart        |    66 |    31 ||    97
  Use: Scroll            |     2 |     1 ||     3
Armor: Robe              |    15 |     4 ||    19
Dodge: Dodged            |    42 |    12 ||    54
